Map: Heavy Artillery LE

Players

Massa

  • Race: Terran Terran
  • League: Platinum

qqq

  • Race: Zerg Zerg

Kafyir - Winner!

  • Race: Protoss Protoss

Yoc - Winner!

  • Race: Terran Terran

VOD

Have the link to the VOD?

Description

Time

  • Played on: April 8, 2021, 12:11 p.m.
  • Length: 18:06
Show
View Real Time Build Order
Export as new Build Order

Massa Terran 

Build Orders: Gas First Reaper Expand, Hellion Banshee 

Get SALT Encoding   

  12  0:00  SCV  
  13  0:12  SCV  
  14  0:23  Supply Depot  
  14  0:25  SCV  
  15  0:34  Refinery  
  15  0:45  SCV  
  15  0:46  Barracks  
  16  0:57  SCV  
  17  1:09  SCV  
  18  1:32  Orbital Command  
  18  1:36  Reaper  
  19  1:47  Command Center  
  19  1:59  SCV  
  20  2:06  Supply Depot  
  20  2:07  Marine  
  21  2:12  Factory  
  21  2:20  SCV  
  22  2:26  Barracks Reactor  
  22  2:32  SCV  
  23  2:44  SCV  
  23  2:50  Command Center  
  24  3:04  Refinery, Starport  
  24  3:15  SCV  
  24  3:18  Orbital Command  
  25  3:23  Hellion  
  27  3:28  Hellion  
  27  3:30  Barracks Tech Lab  
  27  3:34  SCV  
  30  3:44  Hellion  
  30  3:45  SCV  
  33  3:50  Hellion  
  33  3:53  SCV  
  36  3:56  Barracks Tech Lab  
  36  3:57  SCV  
  37  4:04  Banshee  
  37  4:05  Hellion  
  37  4:06  SCV  
  37  4:08  Cloaking Field  
  43  4:16  Hellion  
  45  4:24  Orbital Command  
  45  4:25  SCV x2  
  45  4:30  Stimpack  
  47  4:37  SCV x2  
  49  4:50  Banshee, Barracks  
  52  4:53  Factory Tech Lab, Barracks  
  52  4:57  Marauder  
  54  5:05  SCV  
  54  5:06  SCV x2  
  57  5:18  SCV, Marine  
  59  5:28  SCV x2, Supply Depot  
  61  5:29  Supply Depot  
  61  5:30  Supply Depot x3  
  61  5:32  Refinery  
  61  5:36  Refinery  
  61  5:45  Barracks, Starport Reactor  
  61  5:47  Barracks Tech Lab  
  61  5:50  SCV x3, Siege Tank  
  67  6:02  SCV  
  68  6:06  Marauder x2, Marine x2  
  68  6:08  Combat Shield  
  68  6:11  Concussive Shells  
  74  6:23  Marine x2  
  73  6:27  Marine  
  67  6:37  Orbital Command  
  61  7:00  Marauder x2, Marine  
  61  7:01  SCV x2, Marauder  
  70  7:13  SCV  
  70  7:14  SCV  
  72  7:22  Marauder x3, Siege Tank  
  78  7:24  Marine x2  
  78  7:26  SCV x2  
  78  7:28  SCV  
  83  7:38  SCV  
  83  7:42  Marine x2  
  83  7:43  Marauder x2, Marine  
  91  7:44  Engineering Bay  
  91  7:45  Engineering Bay  
  91  7:48  Armory, Barracks  
  91  7:49  Medivac  
  91  7:50  Medivac  
  95  7:52  Starport  
  95  7:54  Barracks  
  95  7:55  Siege Tank  
  98  8:00  Marine x2  
  98  8:04  SCV  
  101  8:11  Supply Depot  
  101  8:12  Supply Depot x3  
  101  8:13  Supply Depot  
  101  8:14  Supply Depot  
  101  8:15  Supply Depot x2  
  101  8:29  Refinery  
  101  8:30  Refinery  
  101  8:32  Marine, Missile Turret  
  101  8:33  SCV x3, Marauder x2, Marine, Medivac  
  101  8:34  Marauder  
  114  8:35  Missile Turret  
  114  8:36  Missile Turret  
  114  8:38  Supply Depot  
  114  8:39  Starport Tech Lab  
  114  8:40  Missile Turret x2  
  114  8:41  Barracks Tech Lab  
  114  8:42  Barracks Reactor  
  114  8:45  SCV  
  114  8:47  Medivac  
  117  8:50  Marine  
  117  8:51  Marine  
  117  8:53  Terran Infantry Armor Level 1, Terran Infantry Weapons Level 1  
  117  8:54  Marauder  
  117  8:55  Marauder, Missile Turret  
  123  8:56  Terran Vehicle And Ship Armor Level 1  
  123  8:59  SCV  
  123  9:00  SCV x2  
  123  9:02  Missile Turret  
  126  9:03  Medivac  
  128  9:10  Command Center  
  128  9:11  SCV  
  128  9:12  SCV  
  134  9:17  Marauder x3  
  136  9:32  Ghost Academy  
  136  9:38  Missile Turret  
  136  9:41  Missile Turret  
  136  9:46  Raven  
  136  9:48  Corvid Reactor  
  138  9:53  Viking x2  
  138  9:59  Marauder x4, Marine x3, Missile Turret  
  153  10:20  Marauder  
  155  10:23  Viking x2  
  159  10:30  Marauder x3, Marine x3  
  159  10:31  Marine  
  159  10:32  Raven  
  171  10:41  Marine  
  162  11:11  Sensor Tower  
  162  11:32  SCV x3  
  165  11:35  Sensor Tower, Planetary Fortress  
  165  11:44  SCV x3  
  168  12:00  Siege Tank  
  171  12:02  Marauder x4  
  171  12:03  Sensor Tower  
  171  12:04  Marine x4  
  183  12:09  Medivac  
  185  12:20  SCV x2  
  185  12:21  Refinery, SCV  
  188  12:25  Refinery  
  188  12:28  Missile Turret  
  188  12:29  Missile Turret  
  188  12:43  Ghost  
  188  12:45  Marine x2  
  188  12:47  Ghost  
  188  12:50  Marine x2, Ghost, Missile Turret  
  188  13:00  Ghost  
  188  13:04  Marine x2  
  187  13:05  Siege Tank  
  187  13:08  Marine  
  187  13:11  Ghost  
  165  13:16  Ghost  
  165  13:19  Marauder  
  158  13:29  Marauder, Marine  
  142  13:38  Siege Tank  
  142  13:40  Marauder  
  130  13:45  Marauder  
  121  13:48  Marine  
  121  13:49  Marine x2  
  121  13:51  Marauder  
  125  13:56  Marine  
  125  13:57  Medivac x2  
  125  14:00  Medivac  
  125  14:02  Marauder  
  127  14:06  Marauder  
  127  14:07  Marine x2  
  131  14:10  Siege Tank  
  131  14:12  Marauder  
  131  14:14  Marine  
  137  14:23  Marauder  
  123  14:24  Marine x2  
  123  14:28  Marauder  
  123  14:31  Marine  
  123  14:34  Marauder  
  126  14:42  Siege Tank  
  126  14:45  Marauder  
  131  14:49  Marine  
  117  15:14  Siege Tank  
  117  15:17  SCV  
  117  15:18  SCV x2  
  120  15:22  Marauder x3, Marine  
  120  15:23  Marine  
  129  15:29  Barracks Tech Lab  
  129  15:30  SCV x3  
  131  15:37  Orbital Command  
  131  15:40  Marine x2  
  131  15:41  Terran Infantry Armor Level 2  
  131  15:42  SCV x3, Terran Infantry Weapons Level 2  
  136  15:43  Marauder  
  136  15:44  Marauder x2  
  136  15:46  Barracks x2, Siege Tank  
  145  15:54  SCV x2  
  147  15:58  Marine x2  
  149  16:05  Marauder x3  
  150  16:16  Marine x2  
  144  16:26  Marauder x3  
  144  16:27  Siege Tank  
  144  16:28  Raven  
  144  16:29  Viking x2  
  144  16:31  Marauder  
  161  16:33  Marine  
  161  16:34  Marine  
  163  16:47  Marauder  
  163  16:48  Marauder x2  
  163  16:52  Marauder  
  171  16:59  Viking x2, Siege Tank  
  178  17:09  Marauder  
  178  17:11  Raven  
  148  17:45  Marauder, Marine  
Show
View Real Time Build Order
Export as new Build Order

qqq Zerg 

Build Orders: Hatch First, Lurkers, Swarm Host 

Get SALT Encoding   

  12  0:05  Drone  
  13  0:14  Drone  
  14  0:17  Overlord  
  14  0:47  Hatchery  
  13  1:09  Extractor  
  12  1:12  Drone  
  12  1:16  Drone, Spawning Pool  
  12  1:17  Drone  
  15  1:30  Extractor  
  14  1:33  Drone  
  14  1:36  Extractor  
  14  1:40  Drone  
  16  1:48  Extractor  
  16  1:50  Drone  
  16  1:56  Drone  
  16  2:00  Drone  
  18  2:05  Queen  
  20  2:09  Extractor  
  20  2:10  Queen  
  20  2:14  Drone  
  23  2:17  Drone  
  23  2:22  Drone  
  25  2:25  Drone  
  25  2:29  Extractor  
  26  2:33  Drone x2  
  28  2:39  Metabolic Boost  
  28  2:49  Extractor  
  28  2:52  Overlord x2  
  28  3:05  Overlord  
  28  3:12  Extractor  
  28  3:16  Hatchery, Drone  
  28  3:22  Drone  
  28  3:23  Drone x2  
  31  3:31  Roach Warren  
  30  3:37  Drone x2  
  30  3:38  Drone  
  33  3:46  Drone x3  
  36  3:48  Drone  
  36  3:55  Extractor  
  36  3:56  Lair  
  36  3:59  Drone  
  36  4:01  Drone  
  38  4:13  Zergling x12  
  38  4:14  Zergling x2  
  45  4:17  Roach  
  47  4:26  Roach x2  
  47  4:28  Overlord  
  51  4:34  Queen  
  51  4:37  Evolution Chamber  
  52  4:41  Roach  
  52  4:42  Roach  
  58  4:45  Roach  
  58  4:49  Roach  
  58  4:51  Roach  
  62  4:54  Roach  
  62  4:58  Overlord  
  64  5:02  Overlord  
  64  5:04  Ravager  
  64  5:05  Ravager  
  66  5:19  Roach  
  66  5:20  Roach x4  
  76  5:23  Roach  
  76  5:24  Drone  
  76  5:26  Drone  
  76  5:27  Drone  
  81  5:41  Glial Reconstitution  
  81  5:44  Extractor  
  81  5:45  Drone x2, Extractor  
  81  5:46  Drone, Overlord x2  
  82  5:58  Overlord x3  
  82  6:08  Zerg Ground Armor Level 1  
  82  6:10  Drone x2  
  84  6:19  Roach x2  
  84  6:20  Drone x3  
  84  6:41  Roach x5  
  84  6:42  Drone x2, Zergling x4  
  98  7:02  Roach x5  
  98  7:03  Roach x2  
  102  7:12  Roach x3  
  102  7:13  Roach x2  
  102  7:14  Drone  
  113  7:25  Ravager x2  
  113  7:26  Ravager  
  113  7:28  Ravager  
  117  7:31  Drone x5  
  117  7:34  Overlord  
  122  7:42  Evolution Chamber  
  121  7:46  Infestation Pit  
  121  7:48  Drone x2  
  121  7:50  Extractor, Overlord x2  
  121  7:51  Extractor  
  114  8:29  Drone x2, Roach  
  114  8:30  Drone x4, Swarm Host  
  114  8:32  Overlord x3  
  137  8:38  Overlord x2  
  137  8:40  Zerg Melee Weapons Level 1  
  137  8:43  Zerg Missile Weapons Level 1  
  137  8:46  Hatchery  
  136  8:52  Hydralisk Den  
  135  8:56  Drone, Nydus Network  
  135  8:57  Drone x3  
  147  9:10  Overlord  
  147  9:11  Drone  
  147  9:12  Drone  
  149  9:19  Hive  
  149  9:33  Nydus Canal  
  149  9:44  Queen  
  151  9:51  Swarm Host x2  
  151  9:52  Hydralisk x5  
  164  9:57  Drone x3  
  164  9:58  Drone x5  
  178  10:15  Nydus Canal  
  168  10:51  Swarm Host x2  
  168  10:52  Hydralisk x4  
  168  10:54  Overlord x3  
  168  10:55  Overlord x3  
  183  11:04  Nydus Canal  
  183  11:06  Drone  
  173  11:17  Hydralisk x4  
  173  11:18  Hydralisk  
  183  11:19  Hydralisk x3  
  183  11:21  Roach x2  
  196  11:31  Burrow  
  180  11:46  Overseer  
  180  12:04  Hatchery  
  180  12:06  Hatchery  
  178  12:14  Hydralisk  
  178  12:15  Hydralisk x2  
  184  12:19  Zerg Melee Weapons Level 2  
  184  12:20  Zerg Ground Armor Level 2  
  184  12:21  Lurker Den  
  183  12:26  Spire  
  143  13:01  Hydralisk x2  
  143  13:02  Hydralisk x7  
  158  13:21  Lurker x2  
  158  13:24  Seismic Spines  
  158  13:26  Muscular Augments  
  160  13:33  Lurker x3  
  161  13:35  Zergling x4  
  161  13:36  Zergling x20  
  161  13:41  Drone x3  
  167  13:42  Queen  
  137  14:05  Lurker  
  137  14:06  Lurker x4  
  142  14:17  Queen  
  134  14:36  Zerg Missile Weapons Level 2  
  134  14:37  Grooved Spines  
  128  14:40  Hydralisk x5, Zergling x4  
  128  14:42  Roach x2  
  148  14:52  Ultralisk Cavern, Zerg Ground Armor Level 3  
  143  15:02  Drone x2  
  143  15:03  Drone x7  
  152  15:12  Hatchery  
  138  15:47  Corruptor x7  
  138  15:48  Zergling x4  
  138  15:49  Zergling x10  
  141  15:59  Roach x3  
  141  16:01  Ultralisk  
  150  16:09  Ultralisk  
  156  16:21  Hatchery  
  156  16:23  Drone, Ultralisk  
  156  16:24  Drone x7  
  169  16:27  Extractor  
  169  16:28  Extractor  
  167  16:33  Queen  
  167  16:36  Hydralisk x4  
  177  16:56  Extractor  
  177  16:58  Extractor  
  167  17:06  Ultralisk x2  
  167  17:07  Drone x6  
  167  17:08  Drone x5  
  174  17:09  Queen  
  174  17:13  Lurker  
  171  17:26  Lurker  
  170  17:30  Lurker  
Show
View Real Time Build Order
Export as new Build Order

Kafyir Protoss - Winner!

Build Orders: 1 Gate Expand, Blink Stalkers 

Get SALT Encoding   

  12  0:01  Probe  
  13  0:13  Probe  
  14  0:20  Pylon  
  14  0:25  Probe  
  15  0:38  Probe (Chrono Boost), Gateway  
  16  0:47  Probe (Chrono Boost)  
  16  0:49  Assimilator  
  17  0:52  Probe (Chrono Boost)  
  18  1:04  Probe  
  19  1:18  Probe  
  20  1:26  Cybernetics Core  
  20  1:40  Nexus  
  20  1:42  Probe  
  21  1:49  Pylon  
  21  1:57  Probe  
  22  2:02  Warp Gate  
  22  2:07  Adept  
  24  2:09  Probe  
  24  2:22  Twilight Council  
  24  2:25  Probe  
  25  2:37  Assimilator  
  25  2:40  Stalker  
  25  2:41  Probe  
  28  2:54  Probe (Chrono Boost)  
  29  3:04  Probe (Chrono Boost)  
  29  3:05  Probe (Chrono Boost)  
  31  3:17  Probe, Nexus  
  31  3:18  Blink (Chrono Boost)  
  32  3:26  Gateway  
  32  3:33  Probe  
  33  3:39  Assimilator  
  34  3:41  Probe (Chrono Boost)  
  34  3:45  Probe (Chrono Boost)  
  34  3:47  Assimilator  
  35  3:52  Sentry  
  39  3:56  Probe (Chrono Boost)  
  39  3:57  Probe (Chrono Boost)  
  39  4:00  Pylon  
  39  4:03  Gateway  
  39  4:05  Probe  
  39  4:09  Probe  
  41  4:12  Pylon  
  41  4:17  Probe  
  42  4:21  Probe (Chrono Boost)  
  42  4:22  Robotics Facility  
  43  4:26  Stalker  
  46  4:33  Probe x2 (Chrono Boost)  
  48  4:41  Sentry  
  48  4:42  Probe x2 (Chrono Boost)  
  51  4:49  Probe (Chrono Boost)  
  53  4:55  Charge (Chrono Boost), Stalker  
  53  4:56  Probe (Chrono Boost)  
  53  4:58  Probe (Chrono Boost)  
  56  5:16  Pylon  
  56  5:18  Probe (Chrono Boost)  
  58  5:23  Observer  
  58  5:25  Probe (Chrono Boost)  
  58  5:27  Probe (Chrono Boost)  
  58  5:28  Forge  
  60  5:30  Stalker x3  
  60  5:32  Probe x2 (Chrono Boost), Pylon  
  68  5:36  Gateway  
  68  5:39  Gateway  
  68  5:41  Probe, Gateway  
  69  5:44  Probe  
  69  5:47  Gateway  
  69  5:49  Gateway  
  70  5:51  Probe  
  70  5:53  Probe  
  70  5:54  Stalker  
  70  5:55  Stalker  
  70  5:56  Stalker  
  78  6:01  Photon Cannon  
  78  6:04  Probe  
  78  6:07  Probe, Shield Battery  
  78  6:09  Protoss Ground Weapons Level 1 (Chrono Boost)  
  78  6:11  Observer, Probe  
  82  6:17  Probe, Forge  
  83  6:19  Assimilator  
  83  6:21  Assimilator  
  83  6:24  Pylon  
  83  6:39  Stalker x3  
  89  6:42  Pylon  
  89  6:47  Pylon  
  89  6:49  Probe  
  82  7:22  Probe (Chrono Boost)  
  81  7:25  Pylon  
  81  7:29  Probe x2 (Chrono Boost)  
  83  7:30  Photon Cannon  
  83  7:33  Probe (Chrono Boost)  
  83  7:36  Photon Cannon  
  85  7:38  Photon Cannon  
  85  7:40  Probe x3 (Chrono Boost), Pylon  
  87  7:50  Probe (Chrono Boost)  
  89  7:52  Probe (Chrono Boost), Nexus  
  89  7:53  Assimilator  
  89  7:55  Assimilator  
  89  7:57  Pylon  
  89  7:59  Pylon  
  86  8:13  Probe x2  
  88  8:29  Nexus  
  88  8:31  Pylon  
  88  8:32  Pylon  
  88  8:36  Probe x3, Templar Archives, Immortal  
  88  8:37  Photon Cannon  
  88  8:40  Robotics Bay  
  95  8:43  Stalker x6  
  107  8:55  Photon Cannon  
  107  8:56  Shield Battery  
  107  8:57  Gateway  
  107  9:00  Probe, Photon Cannon  
  107  9:01  Probe x2  
  110  9:13  Probe  
  111  9:20  Robotics Facility  
  111  9:24  Photon Cannon  
  111  9:29  Psionic Storm  
  111  9:32  Disruptor  
  111  9:34  Observer, Gravitic Boosters  
  115  9:38  Zealot x3  
  115  9:39  Zealot x3  
  115  9:40  Probe (Chrono Boost)  
  115  9:44  Probe (Chrono Boost)  
  128  9:52  Probe x2 (Chrono Boost)  
  131  9:53  Probe (Chrono Boost)  
  131  9:59  Probe  
  132  10:10  Disruptor, Nexus  
  136  10:15  Probe (Chrono Boost)  
  136  10:17  Pylon  
  136  10:18  Probe (Chrono Boost)  
  138  10:22  Probe (Chrono Boost)  
  138  10:24  High Templar x3  
  138  10:25  Probe (Chrono Boost), Zealot x2  
  138  10:26  Zealot  
  151  10:31  Extended Thermal Lance  
  151  10:35  Observer  
  151  10:39  Dark Shrine  
  151  10:41  Pylon  
  150  10:45  Gateway  
  150  10:47  Gateway  
  150  10:49  Gateway  
  150  10:57  Colossus x2  
  162  11:08  Zealot x2  
  162  11:09  Zealot x5  
  176  11:14  Pylon  
  176  11:18  Gateway, Pylon  
  176  11:34  Protoss Ground Weapons Level 2 (Chrono Boost)  
  176  11:35  Protoss Ground Armor Level 1 (Chrono Boost)  
  176  11:36  Probe x2  
  177  11:47  Robotics Facility  
  177  11:49  Pylon  
  177  11:50  Disruptor  
  177  11:51  Immortal  
  184  12:17  High Templar x5  
  184  12:18  High Templar  
  184  12:19  Zealot x2  
  184  12:21  Archon  
  184  12:22  Archon x2  
  200  12:35  Assimilator x2, Forge  
  200  12:38  Pylon  
  200  12:39  Pylon  
  173  13:17  High Templar  
  173  13:18  High Templar x4  
  183  13:24  Observer  
  182  13:40  Colossus  
  131  14:07  Immortal  
  122  14:34  Immortal  
  116  14:40  Protoss Ground Weapons Level 3 (Chrono Boost)  
  116  14:43  High Templar, Protoss Ground Armor Level 2 (Chrono Boost)  
  116  14:44  High Templar x3  
  116  14:46  Zealot x2  
  116  14:47  Zealot  
  116  14:51  Protoss Shields Level 1 (Chrono Boost)  
  117  14:54  Probe  
  117  14:55  Disruptor  
  121  15:13  Disruptor  
  124  15:15  Stalker  
  124  15:16  Stalker x5  
  136  15:22  Photon Cannon  
  136  15:25  Photon Cannon  
  137  15:28  Probe (Chrono Boost), Shield Battery  
  137  15:30  Disruptor  
  137  15:32  Gateway  
  137  15:34  Gateway  
  137  15:35  Probe x2 (Chrono Boost), Gateway  
  142  15:37  Probe (Chrono Boost), Gateway  
  142  15:38  Gateway  
  143  15:45  Gravitic Drive  
  143  15:47  Pylon  
  143  15:49  Disruptor  
  146  16:00  Zealot x3  
  146  16:01  Zealot x3  
  158  16:06  Colossus  
  158  16:08  Probe  
  158  16:10  Gateway  
  165  16:15  Pylon  
  165  16:16  Gateway  
  165  16:19  Gateway  
  165  16:24  Colossus  
  171  16:31  Zealot x3  
  171  16:32  Zealot x3  
  183  16:38  Observer  
  184  16:47  Robotics Facility  
  184  16:59  Observer  
  184  17:00  Immortal  
  183  17:18  Immortal  
  183  17:21  Observer  
Show
View Real Time Build Order
Export as new Build Order

Yoc Terran - Winner!

Build Orders: 2 Factory, Reaper Expand, Mech 

Get SALT Encoding   

  12  0:14  SCV  
  13  0:22  Supply Depot  
  13  0:31  SCV  
  14  0:43  SCV  
  14  0:46  Barracks  
  15  0:50  Refinery  
  15  0:55  SCV  
  16  0:58  Supply Depot  
  16  1:04  Refinery  
  16  1:07  SCV  
  17  1:19  SCV  
  18  1:36  Orbital Command  
  18  1:40  Reaper  
  19  2:01  Command Center  
  19  2:02  SCV  
  20  2:17  Reaper  
  21  2:29  Factory  
  21  2:37  SCV  
  22  2:56  SCV  
  23  2:59  Barracks Tech Lab  
  23  3:08  SCV  
  24  3:14  Factory Reactor  
  24  3:15  Orbital Command  
  24  3:20  SCV  
  25  3:28  Factory  
  25  3:32  SCV  
  26  3:38  Orbital Command  
  26  3:53  Hellion x2  
  30  4:00  Engineering Bay  
  30  4:02  Supply Depot  
  30  4:03  SCV  
  30  4:06  SCV  
  32  4:15  SCV  
  33  4:17  Command Center  
  33  4:18  SCV, Hellion x2  
  33  4:20  Siege Tank  
  33  4:22  Infernal Pre-Igniter  
  41  4:27  SCV  
  42  4:37  SCV  
  43  4:39  SCV  
  43  4:43  Refinery  
  43  4:44  Refinery  
  44  4:49  SCV, Hellion x2  
  44  4:51  SCV  
  50  5:01  SCV  
  50  5:03  SCV  
  52  5:13  SCV  
  53  5:15  SCV  
  53  5:16  Missile Turret  
  53  5:20  Missile Turret  
  53  5:25  Missile Turret  
  53  5:26  SCV  
  54  5:28  SCV  
  55  5:40  Orbital Command  
  55  5:45  Widow Mine  
  55  5:46  Widow Mine, Cyclone  
  55  5:47  Mag-Field Accelerator  
  62  5:54  Starport  
  62  5:57  Supply Depot  
  62  5:58  SCV x2  
  62  5:59  Supply Depot  
  60  6:34  Siege Tank  
  61  6:45  SCV x2  
  63  6:57  SCV x2  
  65  7:02  Hellion x2  
  65  7:06  Siege Tank  
  70  7:30  Orbital Command  
  70  7:31  Supply Depot  
  70  7:32  Supply Depot  
  70  7:38  Siege Tank  
  70  7:42  Armory  
  73  7:44  Armory  
  73  7:45  Hi-Sec Auto Tracking, Missile Turret  
  73  7:46  Widow Mine x2  
  73  7:48  Starport Reactor  
  77  7:55  Factory  
  75  8:08  Widow Mine x2  
  75  8:10  Siege Tank  
  82  8:15  SCV x3  
  85  8:27  SCV x2  
  85  8:33  Widow Mine  
  89  8:34  SCV  
  89  8:38  Refinery  
  89  8:39  Refinery, SCV x2  
  89  8:40  Missile Turret  
  92  8:42  Siege Tank  
  92  8:43  Factory Tech Lab  
  92  8:45  Terran Vehicle And Ship Armor Level 1, Terran Vehicle Weapons Level 1  
  92  8:46  SCV  
  92  8:47  Viking x2  
  100  8:51  SCV  
  101  8:58  Supply Depot x2  
  101  9:04  SCV x2, Siege Tank  
  101  9:05  Hellbat x2  
  110  9:14  Siege Tank  
  113  9:21  Factory  
  113  9:22  Factory  
  113  9:36  Siege Tank  
  116  9:43  Command Center  
  116  10:00  Siege Tank  
  116  10:01  Hellbat x2  
  116  10:02  SCV x3  
  126  10:08  Siege Tank  
  130  10:14  SCV x3, Factory  
  130  10:16  Factory  
  129  10:22  Hellbat  
  129  10:23  Hellbat  
  129  10:24  Factory Tech Lab  
  129  10:27  Factory Tech Lab  
  131  10:33  Supply Depot  
  131  10:34  Supply Depot  
  119  10:57  Supply Depot  
  119  10:59  Supply Depot  
  115  11:12  Planetary Fortress  
  115  11:15  SCV x3  
  118  11:20  Liberator x2  
  118  11:22  Factory Tech Lab x2  
  118  11:23  Terran Vehicle Weapons Level 2  
  118  11:25  Terran Vehicle And Ship Armor Level 2  
  124  11:26  Neosteel Armor  
  124  11:39  Missile Turret  
  124  11:43  Missile Turret  
  109  12:28  Siege Tank x5  
  109  12:29  Hellbat x3  
  130  12:30  Liberator  
  130  12:31  Liberator  
  136  12:39  Command Center  
  130  12:50  Hellbat  
  130  12:51  Hellbat x2  
  118  13:00  Hellbat  
  115  13:13  Liberator x2  
  103  13:35  Siege Tank x5  
  103  13:36  Hellbat x2  
  103  13:37  Hellbat  
  103  13:41  Terran Ship Weapons Level 1  
  116  13:45  SCV x4  
  118  13:56  Liberator x2  
  118  13:58  Hellbat x2  
  123  14:16  Thor x4  
  144  14:18  Hellbat x2  
  144  14:19  Hellbat x2  
  152  14:39  Liberator x2, Hellbat x2  
  152  14:40  Hellbat  
  152  14:41  Hellbat  
  166  14:59  Hellbat x4  
  174  15:22  Viking x2  
  175  15:37  Refinery  
  175  15:38  Command Center  
  175  15:40  Refinery  
  175  15:41  Command Center  
  160  16:04  Command Center  
  160  16:10  Command Center  
  153  16:31  Missile Turret  
  153  16:32  Missile Turret  
  153  16:33  Missile Turret  
  151  16:59  Missile Turret  
  151  17:00  Missile Turret  
  151  17:03  Thor x3  
  151  17:04  Siege Tank x3  
  151  17:05  Hellbat  
  180  17:09  Hellbat  
  168  17:26  Hellbat  
  167  17:31  Hellbat  
  167  17:36  Hellbat  
Tags
 
Add a new tag
Caveats
  • Supply blocks, unpowered buildings, or Contaminate may cause inaccurate times.
  • Supply counts are checked every 10 seconds.